 Dungeon Crawl Stone Soup version 0.19.0-9-gfd783f2 (webtiles) character file.

137 Chiseanne the Ducker (level 5, -8/36 HPs)
             Began as a High Elf Artificer on Nov 7, 2016.
             Mangled by Terence the crocodile (15 damage)
             ... on level 3 of the Dungeon.
             The game lasted 00:03:48 (2752 turns).

Chiseanne the Ducker (High Elf Artificer)           Turns: 2752, Time: 00:03:49

Health: -8/36      AC:  4    Str: 11    XL:     5   Next: 0%
Magic:  8/8        EV: 14    Int: 15    God:
Gold:   96         SH:  0    Dex: 16    Spells: 0 memorised, 4 levels left

rFire  . . .     SeeInvis .     a - +0 short sword
rCold  . . .     Gourm    .     b - +0 leather armour
rNeg   . . .     Faith    .     (no shield)
rPois  .         Spirit   .     (no helmet)
rElec  .         Reflect  .     w - +0 cloak
rCorr  .         Harm     .     (no gloves)
MR     .....                    (no boots)
Stlth  ++........               (no amulet)
                                (no ring)
                                (no ring)

@: no status effects
A: no striking features
a: no special abilities


You were on level 3 of the Dungeon.
You were not hungry.

You visited 1 branch of the dungeon, and saw 3 of its levels.

You collected 96 gold pieces.

Inventory:

Hand Weapons
 a - a +0 short sword (weapon)
Missiles
 i - 154 stones (quivered)
 j - 17 poisoned needles
 n - a throwing net
 p - 12 bolts
 s - 18 sling bullets
Armour
 b - a +0 leather armour (worn)
 w - a +0 cloak (worn)
Wands
 c - a wand of flame (1/48)
 d - a wand of enslavement (11/24)
 e - a wand of random effects (9/48)
Scrolls
 h - 2 scrolls of teleportation {unknown}
 l - 2 scrolls of remove curse {unknown}
 m - a scroll of noise {unknown}
 o - a scroll of enchant weapon {unknown}
 q - a scroll of immolation {unknown}
Potions
 r - a potion of flight {unknown}
Comestibles
 f - a bread ration
 k - 2 beef jerkies
 t - a slice of pizza
 u - 6 chunks of flesh
 v - a meat ration


   Skills:
 * Level 3.2 Fighting
 - Level 1.2 Short Blades
 * Level 4.5 Dodging
 - Level 1.1 Stealth
 - Level 3.0 Evocations


You had 4 spell levels left.
You didn't know any spells.

Dungeon Overview and Level Annotations

Branches:
Dungeon (3/15)

Altars:
Nemelex Xobeh
Okawaru
Trog
The Shining One

Annotations:
D:3 Terence


Message History

Terence barely misses you.
Evoke which item? (* to show all) (? for menu, Esc to quit)
Zapping:
e - a wand of random effects (11/48)
Press: ? - help, Shift-Dir - straight line, f/p - Terence
Aim: Terence, wielding a mace of crushing and wearing a scale mail Terence resists with significant effort.
This wand has 10 charges left.
Terence hits you but does no damage.
Evoke which item? (* to show all) (? for menu, Esc to quit)
Zapping:
e - a wand of random effects (10/48)
Press: ? - help, Shift-Dir - straight line, f/p - Terence
Aim: Terence, wielding a mace of crushing and wearing a scale mail Terence evaporates and reforms as a crocodile!
This wand has 9 charges left.
Terence bites you.
* * * LOW HITPOINT WARNING * * *
As you read the scroll labeled ACVIOL QUORUZ, it crumbles to dust.
It is a scroll of recharging.
Charge which item? (? for menu, Esc to quit)
Your wand of enslavement (2/24) glows for a moment and now has 11 charges.
Terence bites you!
You die...

#..##### #...<..#
#....#.# #....#.#
#....#.# #..###.#
#......#
#######.##########
#........t@.......
#.#####.##########
#.....# ##.#..#
#........#
#....#......
###..#.###.# #..#
# #..#


You could see Terence the crocodile.

Vanquished Creatures
  2 hounds
  A gnoll (D:2)
  2 adders (D:2)
  4 bats
  3 goblins
  9 hobgoblins
  4 jackals (D:2)
  4 kobolds
  7 frilled lizards
  4 rats
40 creatures vanquished.

Vanquished Creatures (collateral kills)
  2 gnolls (D:2)
  2 hobgoblins (D:1)
  2 jackals (D:2)
  A rat (D:2)
7 creatures vanquished.

Vanquished Creatures (others)
  A hound (D:2)
  2 gnolls (D:2)
3 creatures vanquished.

Grand Total: 50 creatures vanquished

Notes
Turn   | Place    | Note
-------+----------+-------------------------------------------
     0 | D:1      | Chiseanne the High Elf Artificer began the quest for the Orb.
     0 | D:1      | Reached XP level 1. HP: 13/13 MP: 4/4
   317 | D:1      | Reached XP level 2. HP: 5/18 MP: 5/5
   665 | D:1      | Found a glowing golden altar of the Shining One.
  1029 | D:1      | Reached skill level 3 in Dodging
  1737 | D:2      | Reached XP level 3. HP: 24/24 MP: 6/6
  1747 | D:2      | Found a bloodstained altar of Trog.
  2275 | D:2      | Found an iron altar of Okawaru.
  2342 | D:2      | Found a sparkling altar of Nemelex Xobeh.
  2414 | D:2      | Reached skill level 4 in Dodging
  2414 | D:2      | Reached XP level 4. HP: 30/30 MP: 7/7
  2733 | D:3      | Noticed Terence
  2742 | D:3      | Reached XP level 5. HP: 17/36 MP: 8/8
  2751 | D:3      | Noticed Terence
  2751 | D:3      | Terence changed into Terence the crocodile
  2752 | D:3      | Mangled by Terence the crocodile

Skill      XL: |  1  2  3  4 |
---------------+-------------+-----
Dodging        | 3 4 |  4.5
Fighting       | 2 3 |  3.2
Short Blades   | |  1.2
Stealth        | |  1.1
Evocations     | |  3.0

Action                   |  1- 3 |  4- 6 || total
-------------------------+-------+-------++-------
Melee: Short sword       |   126 |    15 ||   141
Evoke: Wand              |    22 |    11 ||    33
  Use: Scroll            |       |     1 ||     1
 Stab: Sleeping          |     4 |     1 ||     5
  Eat: Chunk             |     5 |     1 ||     6
Armor: Leather armour    |    42 |     1 ||    43
Dodge: Dodged            |   117 |    18 ||   135
